 Dungeon Crawl Stone Soup version 0.31-a0-799-g6bc09d010c (webtiles) character file.

Game seed: 12680183807480299067

578 Newt the Spear-Bearer (level 7, -3/56 HPs)
             Began as a Merfolk Gladiator on Sept 19, 2023.
             Slain by a gnoll bouda
             ... wielding a +0 club
              (7 damage)
             ... on level 3 of the Dungeon.
             The game lasted 00:03:42 (3613 turns).

Newt the Spear-Bearer (Merfolk Gladiator)           Turns: 3613, Time: 00:03:42

Health: -3/56      AC:  4    Str: 17    XL:     7   Next: 36%
Magic:  7/7        EV: 13    Int:  7    God:
Gold:   48         SH:  0    Dex: 15    Spells: 6/6 levels left

rFire   . . .        a - +1 trident (freeze)
rCold   . . .        (no shield)
rNeg    . . .        b - +0 leather armour
rPois   .            c - +0 helmet
rElec   .            i - scarf {repulsion}
rCorr   .            (no gloves)
SInv    .            (no boots)
Will    +....        (no amulet)
Stlth   +            l - ring of willpower
HPRegen 0.29/turn    (no ring)
MPRegen 0.10/turn

%: repel missiles
@: weakened
A: (nimble swimmer 2), mertail
a: no special abilities


You were on level 3 of the Dungeon.
You visited 1 branch of the dungeon, and saw 4 of its levels.

You collected 152 gold pieces.
You spent 104 gold pieces at shops.

Inventory:

Hand Weapons
 a - a +1 trident of freezing (weapon)
Missiles
 e - a javelin
 t - 10 poisoned darts
Armour
 b - a +0 leather armour (worn)
 c - a +0 helmet (worn)
 i - a scarf of repulsion (worn)
Jewellery
 l - a ring of willpower (left hand)
Scrolls
 f - a scroll of brand weapon
 j - a scroll of revelation
 n - a scroll of teleportation
 q - 2 scrolls of enchant weapon
 r - a scroll of noise
 s - a scroll of fog
 u - a scroll of identify
Potions
 g - a potion of haste
 h - a potion of berserk rage
 k - a potion of magic
 m - a potion of degeneration
 o - a potion of curing
 p - a potion of might
 v - a potion of lignification {unknown}
 w - a potion of heal wounds


   Skills:
 + Level 5.4 Fighting
 - Level 9.0 Polearms
 - Level 2.0 Throwing
 - Level 4.0 Dodging


You had 6 spell levels left.
You didn't know any spells.
Your spell library contained the following spells:

 Spells                   Type           Power      Damage    Failure   Level
 Summon Small Mammal      Summ           0%         N/A       50%         1
 Call Canine Familiar     Summ           0%         N/A       86%         3
 Stone Arrow              Conj/Erth      0%         3d7       86%         3
 Summon Guardian Golem    Hex/Summ       0%         N/A       86%         3
 Animate Armour           Summ/Erth      0%         N/A       99%         4
 Vhi's Electric Charge    Tloc/Air       0%         N/A       99%         4
 Arcjolt                  Conj/Air       0%         1d10      100%        5
 Plasma Beam              Fire/Air       0%         2x1d10    100%        6
 Simulacrum               Ice/Necr       0%         N/A       100%        6
 Ozocubu's Refrigeration  Ice            0%         4d7       100%        7
 Lehudib's Crystal Spear  Conj/Erth      0%         10d2      100%        8
 Polar Vortex             Ice            0%         N/A       100%        9


Dungeon Overview and Level Annotations

Branches:
Dungeon (4/15)
 Temple: D:4-7

Altars:

Shops:
D:2 !


Innate Abilities, Weirdness & Mutations

((You are very nimble when in or above water. (Stealth+, EV+, Speed+++)))
Your lower body shifts to a powerful aquatic tail in water.


Message History

The scorpion is almost dead.
You feel sick. The scorpion misses you.
You puncture the scorpion! You freeze the scorpion.
You kill the scorpion!
You feel sick.
You feel sick. The gnoll attacks as it pursues you!
The gnoll closely misses you.
You feel sick.
There is a stone staircase leading up here.
You feel sick. The gnoll bouda completely misses you.
The gnoll barely misses you.
You climb upwards.
You feel sick.
There is a stone staircase leading down here.
Unknown command.
You closely miss the gnoll bouda.
You feel sick.
You are no longer poisoned.
The gnoll bouda hits you with a +0 club.
* * * LOW HITPOINT WARNING * * *
Unknown command.
You hit the gnoll bouda but do no damage.
The gnoll bouda closely misses you.
Unknown command.
You barely miss the gnoll bouda.
Unknown command.
You hit the gnoll bouda but do no damage.
The gnoll bouda gazes fiercely through you!
You feel your attacks grow feeble. The gnoll bouda misses you.
Unknown command.
You hit the gnoll bouda but do no damage.
The gnoll bouda hits you with a +0 club!
* * * LOW HITPOINT WARNING * * *
Unknown command.
Throw: throwing net
Press: ? - help, Q - select action, (/) - cycle Shift-Dir - straight line, f - gnoll bouda
Aim: a gnoll bouda, wielding a +0 club and wearing a +0 leather armour (63% to hit)
You throw a throwing net.
The throwing net barely misses the gnoll bouda.
The gnoll bouda hits you with a +0 club!
You die...

#.......#...<#..#..#......#.#
#..#.##.#....#.......####.#.#
#..#.#....##.#.......)....#.#
#..#.#..#.##.#..[#......#.#.#
#..#.#..#.##.#[..#.####.#.#.#
#..#.........#...#........#)#
#..######.####...##########.#
#.....................[...#.#
................@.#######.#.#
...#.###..#####g#.# #.#.#
##.#.###..# #.#.# #.#.#
##+#.#....# #.#.# #.#.#
.....#.##.# #.#.# #.#.#
....)#.##.# #.#.#######.#.#
.......##.# #.#.#<......#.#
###....##.# #.#.#########.#
##....##.# ###.#..........)#


You could see a gnoll bouda.

Vanquished Creatures
  An ogre (D:4)
  A kobold brigand (D:4)
  Blork the orc (D:4)
  2 scorpions (D:4)
  A hound (D:3)
  A sleepcap (D:4)
  Natasha (twice) (D:2)
  3 gnolls (D:3)
  4 adders
  A worm (D:3)
  A dart slug (D:2)
  2 orcs (D:3)
  6 bats
  5 endoplasms
  A giant cockroach (D:4)
  10 goblins
  6 hobgoblins
  4 jackals
  2 quokkas
  7 ball pythons
  7 frilled lizards
  5 kobolds
  3 rats
76 creatures vanquished.

Notes
Turn   | Place    | Note
-------+----------+-------------------------------------------
     0 | D:1      | Newt the Merfolk Gladiator began the quest for the Orb.
     0 | D:1      | Reached XP level 1. HP: 16/16 MP: 1/1
   187 | D:1      | Reached XP level 2. HP: 18/22 MP: 2/2
   255 | D:1      | Reached skill level 5 in Polearms
   716 | D:2      | Reached XP level 3. HP: 27/27 MP: 3/3
  1058 | D:2      | Found Irpho's Distillery.
  1109 | D:2      | Reached skill level 6 in Polearms
  1400 | D:2      | Noticed Natasha
  1406 | D:2      | Killed Natasha
  1407 | D:2      | Reached XP level 4. HP: 23/33 MP: 4/4
  1483 | D:2      | Noticed Natasha
  1493 | D:2      | Killed Natasha
  1494 | D:2      | Reached skill level 7 in Polearms
  1744 | D:2      | Bought a potion of curing for 39 gold pieces
  1936 | D:3      | Reached XP level 5. HP: 22/38 MP: 5/5
  2728 | D:3      | Reached skill level 8 in Polearms
  2938 | D:4      | Noticed an ogre
  2944 | D:4      | Killed an ogre
  2945 | D:4      | Reached skill level 9 in Polearms
  2945 | D:4      | Reached XP level 6. HP: 46/46 MP: 6/6
  3161 | D:4      | Noticed Blork the orc
  3168 | D:4      | Killed Blork the orc
  3169 | D:4      | Reached XP level 7. HP: 55/55 MP: 7/7
  3289 | D:3      | Reached skill level 5 in Fighting
  3517 | D:2      | Bought a potion of heal wounds for 65 gold pieces
  3613 | D:3      | Slain by a gnoll bouda

Illustrated notes

Levels and vault maps discovered:
D:1:      dpeg_arrival_round_c, layout_basic
D:2:      layout_loops_corners, serial_shops, nicolae_shop_industrial_runoff,
          minmay_goblin_kobold_house, uniq_natasha
D:3:      layout_basic, serial_corexii_hall, chequers_hall_statues_wall_a,
          chequers_hall_statues_corner_a, minmay_misc_feat_encased,
          kennysheep_generic_room_15
D:4:      layout_loops_cross, st_stairs_13, uniq_blork_the_orc

Skill      XL: |  1  2  3  4  5  6  7 |
---------------+----------------------+-----
Polearms       | 5 6 7 9 |  9.0
Fighting       | 4 5 |  5.4
Throwing       | |  2.0
Dodging        | |  4.0

Action                     |  1- 3 |  4- 6 |  7- 9 || total
---------------------------+-------+-------+-------++-------
  Melee: Trident           |   120 |    99 |    32 ||   251
  Throw: Throwing net      |       |     3 |     2 ||     5
         Javelin           |       |     1 |       ||     1
    Use: Scroll            |     5 |     7 |       ||    12
         Potion            |       |     1 |     2 ||     3
   Stab: Sleeping          |     1 |     3 |       ||     4
         Held in net/web   |       |     1 |       ||     1
 Armour: Leather armour    |    32 |    30 |    40 ||   102
  Dodge: Dodged            |    76 |    30 |    39 ||   145

Table legend: (Time is in decaauts)
 A = Elapsed time spent in this place.
 B = Non-inter-level travel time spent in this place.
 C = Inter-level travel time spent in this place.
 D = Time resting spent in this place.
 E = Time spent auto-exploring this place.
 F = Levels seen in this place.
 G = Mean time per level.
                   A        B        C        D        E       F      G
               +--------+--------+--------+--------+--------+-----+--------+
         Total |   3615 |   3355 |    260 |    339 |   2459 |   4 |  903.8 |
       Dungeon |   3615 |   3355 |    260 |    339 |   2459 |   4 |  903.8 |
               +--------+--------+--------+--------+--------+-----+--------+

Top non-repeatable levels by time:
     D:3: 1287 daAuts
     D:2: 1140 daAuts
     D:1: 693 daAuts
     D:4: 493 daAuts
